 Dungeon Sprint DCSS version 0.28-a0-1190-g77e1c55843 (webtiles) character file.

Game seed: 12265241532999746385

6675 mhtbhm the Fencer (level 10, -3/156 HPs)
             Began as a Minotaur Berserker on Dec 18, 2021.
             Was a High Priest of Trog.
             Succumbed to a spriggan defender's poison
             ... in the Dungeon (Sprint IV: "Fedhas' Mad Dash") on Dec 19, 2021.
             The game lasted 00:03:43 (2705 turns).

mhtbhm the Fencer (Minotaur Berserker)              Turns: 2705, Time: 00:03:44

Health: -3/156     AC:  6    Str: 25    XL:     10   Next: 73%
Magic:  9/9        EV: 15    Int: 10    God:    Trog [*****.]
Gold:   279        SH:  0    Dex: 11    Spells: 9/9 levels left

rFire   . . .      SeeInvis .   a - +6 triple sword (vorpal)
rCold   . . .      Faith    .   (shield currently unavailable)
rNeg    . . .      Spirit   .   b - +0 leather armour
rPois   .          Reflect  .   (helmet restricted)
rElec   .          Harm     .   m - +0 cloak
rCorr   .          Rampage  .   (no gloves)
Will    .....      NoTele   +   j - +0 pair of boots
Stlth   ..........              i - amulet of invisibility {+Inv}
HPRegen 0.36/turn               k - +6 ring of intelligence
MPRegen 0.11/turn               (no ring)

@: berserking, lethally poisoned (-3 -> -44), very quick
A: horns 2, retaliatory headbutt
a: Renounce Religion, Evoke Invisibility, Berserk, Trog's Hand, Brothers in Arms


You were in the Dungeon.
You worshipped Trog.
Trog was extremely pleased with you.
You visited 1 branch You collected 279 gold pieces.

Inventory:

Hand Weapons
 a - a +6 vorpal triple sword (weapon)
Armour
 b - a +0 leather armour (worn)
 j - a +0 pair of boots (worn)
 m - a +0 cloak (worn)
Jewellery
 i - the amulet of invisibility (around neck) {+Inv}
   (You found it in the Dungeon)

   [amulet of nothing]

   +Inv:      It lets you turn invisible.
 k - a +6 ring of intelligence (left hand)
Scrolls
 h - a scroll of blinking
 l - a scroll of summoning {unknown}
Potions
 c - 2 potions of curing
 d - a potion of heal wounds
 e - a potion of haste
 f - 2 potions of magic
 g - a potion of berserk rage


   Skills:
 + Level 14.3 Fighting
 * Level 18.2 Long Blades
 + Level 6.9 Armour
 + Level 10.7 Dodging
 - Level 10.0 Stealth
 + Level 8.2 Evocations


You had 9 spell levels left.
You didn't know any spells.
Your spell library was empty.

Dungeon Overview and Level Annotations

Branches:
Dungeon (1/1)

Altars:
Cheibriados
Dithmenos
Elyvilon
Gozag
Hepliaklqana
Kikubaaqudgha
Makhleb
Nemelex Xobeh
Okawaru
Qazlal
Ru
Sif Muna
Trog
Uskayaw
Vehumet
Wu Jian
Xom
Yredelemnul
Zin
The Shining One
Beogh
Jiyva
Lugonu

Shops:
D (!*[([


Innate Abilities, Weirdness & Mutations

You have a pair of horns on your head.
You reflexively headbutt those who attack you in melee.


Message History

You barely miss the spriggan defender.
The spriggan defender is heavily wounded.
You feel sick.
The spriggan defender barely misses you.
The spriggan defender blocks your attack.
Your headbutt misses the spriggan defender.
The spriggan defender is heavily wounded.
You feel sick.
The spriggan defender barely misses you.
The spriggan defender blocks your attack.
The spriggan defender is moderately wounded.
You feel sick.
The spriggan defender barely misses you.
The spriggan defender blocks your attack.
Your headbutt misses the spriggan defender.
The spriggan defender is moderately wounded.
You feel sick.
The spriggan defender hits you with a +4 demon whip of venom!
* * * LOW HITPOINT WARNING * * *
You are more poisoned.
You hit the spriggan defender.
The spriggan defender is moderately wounded.
You feel very sick.
The spriggan defender hits you with a +4 demon whip of venom!!
* * * LOW HITPOINT WARNING * * *
You are more poisoned.
Unknown command.
The spriggan defender blocks your attack.
Your headbutt misses the spriggan defender.
The spriggan defender is moderately wounded.
* * * LOW HITPOINT WARNING * * *
You feel very sick.
The spriggan defender hits you with a +4 demon whip of venom!
* * * LOW HITPOINT WARNING * * *
You are more poisoned.
Press: ? - help, v - describe, . - travel
Here: a spriggan defender, wielding a +4 demon whip of venom, wearing a +0 robe and wearing a +0 buckler (moderately wounded)
The floor, spattered with blood.
Unknown command.
You die...

###########......###.....♣.#
♣[###.'..'.....))'))...♣..∩#
.♣##:.#..#.P..)..###########
).###.##)##.P....#
.♣'...#♣)♣########
#######.....####
#..♣..♣....###
#...♣......♣...♣###
......♣.....∩.∩@.i}#
####################


You could see a spriggan defender.

Vanquished Creatures
  Agnes (D)
  A spriggan druid (D)
  6 oklob plants (D)
  A demonic crawler (D)
  2 burning bushes (D)
  A queen bee (D)
  A wandering mushroom (D)
  A hornet (D)
  2 scorpions (D)
  4 killer bees (D)
  5 oklob saplings (D)
  5 spriggans (D)
  A river rat (D)
  A rat (D)
32 creatures vanquished.

Vanquished Creatures (collateral kills)
  A spriggan berserker (D)
1 creature vanquished.

Vanquished Creatures (others)
  A ballistomycete spore (D)
1 creature vanquished.

Grand Total: 34 creatures vanquished

Notes
Turn   | Place    | Note
-------+----------+-------------------------------------------
     0 | D        | mhtbhm the Minotaur Berserker began the quest for the Orb.
     0 | D        | Reached XP level 1. HP: 19/19 MP: 0/0
    15 | D        | Reached skill level 4 in Long Blades
    15 | D        | Reached XP level 2. HP: 9/28 MP: 1/1
   355 | D        | Noticed an oklob sapling
   357 | D        | Killed an oklob sapling
   357 | D        | Reached ** piety under Trog
   358 | D        | Reached skill level 5 in Fighting
   358 | D        | Reached skill level 6 in Long Blades
   358 | D        | Reached XP level 3. HP: 37/37 MP: 2/2
   390 | D        | Noticed a scorpion
   390 | D        | Found the amulet of invisibility {+Inv}
   393 | D        | Killed a scorpion
   394 | D        | Reached skill level 7 in Long Blades
   394 | D        | Reached XP level 4. HP: 47/47 MP: 3/3
   509 | D        | Found an opulent altar of Gozag.
   509 | D        | Found a hazy altar of Hepliaklqana.
   509 | D        | Found a burning altar of Makhleb.
   509 | D        | Found a sparkling altar of Nemelex Xobeh.
   509 | D        | Found a snail-covered altar of Cheibriados.
   509 | D        | Found a sacrificial altar of Ru.
   509 | D        | Found a shimmering blue altar of Sif Muna.
   509 | D        | Found a shimmering altar of Xom.
   509 | D        | Found a basalt altar of Yredelemnul.
   510 | D        | Found a viscous altar of Jiyva.
   510 | D        | Found a bloodstained altar of Trog.
   510 | D        | Found an ornate altar of the Wu Jian Council.
   511 | D        | Found an iron altar of Okawaru.
   511 | D        | Found a shadowy altar of Dithmenos.
   511 | D        | Found a glowing silver altar of Zin.
   512 | D        | Found an ancient bone altar of Kikubaaqudgha.
   512 | D        | Found a hide-covered altar of Uskayaw.
   513 | D        | Found a stormy altar of Qazlal.
   513 | D        | Found a white marble altar of Elyvilon.
   513 | D        | Found a glowing golden altar of the Shining One.
   514 | D        | Found a corrupted altar of Lugonu.
   514 | D        | Found a radiant altar of Vehumet.
   520 | D        | Reached skill level 8 in Long Blades
   520 | D        | Reached XP level 5. HP: 53/53 MP: 1/4
   615 | D        | Reached skill level 9 in Long Blades
   716 | D        | Reached *** piety under Trog
   720 | D        | Reached skill level 10 in Long Blades
   720 | D        | Reached skill level 5 in Armour
   720 | D        | Reached skill level 5 in Dodging
   720 | D        | Reached skill level 1 in Evocations
   727 | D        | Reached XP level 6. HP: 66/66 MP: 5/5
   755 | D        | Found Xipaosi's Distillery.
   755 | D        | Found Orry's Antique Weapon Emporium.
   849 | D        | Noticed a queen bee
   858 | D        | Reached **** piety under Trog
   859 | D        | Reached skill level 10 in Fighting
   859 | D        | Reached skill level 11 in Long Blades
   859 | D        | Reached skill level 1 in Stealth
   866 | D        | Killed a queen bee
   867 | D        | Reached skill level 12 in Long Blades
   867 | D        | Reached XP level 7. HP: 74/74 MP: 4/6
  1150 | D        | Noticed an oklob plant
  1159 | D        | Killed an oklob plant
  1160 | D        | Reached skill level 13 in Long Blades
  1160 | D        | Reached XP level 8. HP: 83/83 MP: 4/7
  1258 | D        | Noticed a burning bush
  1268 | D        | Killed a burning bush
  1477 | D        | Noticed a burning bush
  1477 | D        | Noticed an oklob plant
  1478 | D        | Noticed a wandering mushroom
  1490 | D        | Killed a burning bush
  1490 | D        | Reached ***** piety under Trog
  1491 | D        | Reached skill level 14 in Long Blades
  1491 | D        | Reached skill level 5 in Stealth
  1496 | D        | Killed a wandering mushroom
  1502 | D        | Killed an oklob plant
  1503 | D        | Reached skill level 5 in Evocations
  1503 | D        | Reached XP level 9. HP: 92/92 MP: 8/8
  1642 | D        | Noticed a spriggan druid
  1655 | D        | Killed a spriggan druid
  1656 | D        | Reached skill level 15 in Long Blades
  1754 | D        | Noticed an oklob plant conjurer
  1760 | D        | Killed an oklob plant conjurer
  1921 | D        | Noticed an oklob plant
  1921 | D        | Noticed an oklob plant summoner
  1922 | D        | Noticed an oklob plant shifter
  1930 | D        | Killed an oklob plant
  1934 | D        | Killed an oklob plant summoner
  1934 | D        | Received a gift from Trog
  1940 | D        | Killed an oklob plant shifter
  1941 | D        | Reached skill level 16 in Long Blades
  1941 | D        | Reached skill level 10 in Dodging
  2116 | D        | Noticed a demonic crawler
  2120 | D        | Killed a demonic crawler
  2121 | D        | Reached XP level 10. HP: 101/101 MP: 3/9
  2148 | D        | Noticed a spriggan rider
  2167 | D        | Killed a spriggan rider
  2294 | D        | Found Siage's Antique Weapon Emporium.
  2302 | D        | Received a gift from Trog
  2304 | D        | Reached ****** piety under Trog
  2305 | D        | Reached skill level 10 in Stealth
  2347 | D        | Found Postron's Armour Shoppe.
  2445 | D        | Noticed Agnes
  2461 | D        | Killed Agnes
  2462 | D        | Reached skill level 17 in Long Blades
  2464 | D        | Noticed a spriggan berserker
  2467 | D        | Killed a spriggan berserker
  2468 | D        | Reached skill level 18 in Long Blades
  2681 | D        | Found Veathrixt's General Store.
  2683 | D        | Found Teoc's Antique Armour Shoppe.
  2688 | D        | Noticed a spriggan defender
  2704 | D        | HP: 3/156 [spriggan defender (7)]
  2705 | D        | Succumbed to a spriggan defender's poison

Illustrated notes

Levels and vault maps discovered:
D:        dungeon_sprint_fedhas [sprint_temple]

Skill      XL: |  1  2  3  4  5  6  7  8  9 10 |
---------------+-------------------------------+-----
Fighting       | 4 5 7 8 9 11 12 13 14 | 14.3
Long Blades    | 4 6 7 8 10 12 13 14 16 18 | 18.2
Armour         | 3 4 5 6 |  6.9
Dodging        | 3 4 5 6 7 8 10 | 10.7
Evocations     | 1 2 3 5 7 8 |  8.2
Stealth        | 2 4 6 9 10 | 10.0

Action                   |  1- 3 |  4- 6 |  7- 9 | 10-12 || total
-------------------------+-------+-------+-------+-------++-------
Melee: Falchion          |    10 |    30 |    64 |       ||   104
       Headbutt          |     1 |     4 |    25 |     2 ||    32
       Great sword       |       |       |     3 |    16 ||    19
       Triple sword      |       |       |       |    10 ||    10
Invok: Berserk           |     3 |     5 |     7 |     4 ||    19
       Brothers in Arms  |       |       |       |     1 ||     1
 Abil: Evoke Invisibilit |       |     2 |     3 |       ||     5
 Stab: Invisible         |       |     4 |     6 |       ||    10
       Sleeping          |       |       |     2 |     1 ||     3
Armor: Animal skin       |     2 |     1 |       |       ||     3
Dodge: Dodged            |     4 |    20 |    12 |    12 ||    48

Table legend: (Time is in decaauts)
 A = Elapsed time spent in this place.
 B = Non-inter-level travel time spent in this place.
 C = Inter-level travel time spent in this place.
 D = Time resting spent in this place.
 E = Time spent auto-exploring this place.
 F = Levels seen in this place.
 G = Mean time per level.
                   A        B        C        D        E       F      G
               +--------+--------+--------+--------+--------+-----+--------+
         Total |   2822 |   2822 |      0 |   2230 |     84 |   1 | 2822.0 |
       Dungeon |   2822 |   2822 |      0 |   2230 |     84 |   1 | 2822.0 |
               +--------+--------+--------+--------+--------+-----+--------+

Top non-repeatable levels by time:
       D: 2822 daAuts
